 Dungeon Crawl Stone Soup version 0.28-a0-1555-g9ae15a6949 (webtiles) character file.

Game seed: 13401911203871497642

6526 HallandMoats the Fighter (level 11, 0/95 HPs)
             Began as a Ghoul Monk on Jan 18, 2022.
             Was a High Priest of Wu Jian.
             Slain by a vampire (6 damage)
             ... on level 8 of the Dungeon.
             The game lasted 00:14:04 (10937 turns).

HallandMoats the Fighter (Ghoul Monk)              Turns: 10937, Time: 00:14:05

Health: 0/95       AC: 10    Str: 18    XL:     11   Next: 1%
Magic:  10/10      EV: 12    Int:  5    God:    Wu Jian [*****.]
Gold:   573        SH:  0    Dex: 13    Spells: 10/10 levels left

rFire   . . .      SeeInvis .   a - +4 war axe (venom)
rCold   + . .      Faith    .   (no shield)
rNeg    + + +      Spirit   .   e - +0 scale mail
rPois   ∞          Reflect  .   (no helmet)
rElec   .          Harm     .   n - +0 cloak
rCorr   .          Rampage  .   f - +0 pair of gloves
Will    .....                   (no boots)
Stlth   +.........              (no amulet)
HPRegen 0.00/turn               (no ring)
MPRegen 0.12/turn               (no ring)

@: inhibited regen
A: claws 1, cold resistance 1, negative energy resistance 3, inhibited
regeneration, torment resistance 2
a: Renounce Religion, Wall Jump, Serpent's Lash, Heavenly Storm


You were on level 8 of the Dungeon.
You worshipped Wu Jian.
Wu Jian was extremely pleased with you.
You visited 1 branch of the dungeon, and saw 9 of its levels.
You also visited: Ossuary.

You collected 573 gold pieces.

Inventory:

Hand Weapons
 a - a +4 war axe of venom (weapon)
 b - the +6 hunting sling "Impslayer" {vorpal, rF+ Will+}
   (You found it on level 3 of the Dungeon)

   Any ammunition fired from it inflicts extra damage upon your enemies.
   rF:        It protects you from fire.
   Will:      It increases your willpower.
Missiles
 p - 151 stones (quivered)
 q - a throwing net
Armour
 e - a +0 scale mail (worn)
 f - a +0 pair of gloves (worn)
 n - a +0 cloak (worn)
Jewellery
 o - a ring of fire
 z - an amulet of guardian spirit
 G - a ring of fire
 K - a +4 ring of evasion
Wands
 H - a wand of iceblast (10)
 J - a wand of acid (11)
Scrolls
 c - a scroll of magic mapping
 g - a scroll of fog
 h - a scroll of summoning
 m - 2 scrolls of identify
 r - 2 scrolls of enchant armour
 s - 2 scrolls of amnesia
 t - a scroll of immolation
 u - 3 scrolls of teleportation
 w - 2 scrolls of fear {unknown}
 x - a scroll of enchant weapon
 y - a scroll of torment
 A - a scroll of brand weapon
 F - a scroll of noise {unknown}
 L - a scroll of blinking {unknown}
Potions
 d - a potion of magic {unknown}
 i - a potion of heal wounds {unknown}
 j - a potion of invisibility {unknown}
 k - 2 potions of brilliance {unknown}
 l - a potion of lignification {unknown}
 v - 2 potions of might {unknown}
 B - a potion of haste {unknown}
 C - a potion of flight {unknown}
 E - a potion of mutation {unknown}
 I - a potion of resistance {unknown}


   Skills:
 + Level 8.5 Fighting
 * Level 7.4 Axes
 * Level 7.9 Slings
 + Level 5.7 Armour
 + Level 6.7 Dodging
 - Level 2.1 Stealth


You had 10 spell levels left.
You didn't know any spells.
Your spell library contained the following spells:

 Spells                   Type           Power      Damage    Failure   Level
 Magic Dart               Conj           0%         1d3       83%         1
 Call Imp                 Summ           0%         N/A       93%         2
 Mephitic Cloud           Conj/Pois/Air  0%         N/A       99%         3


Dungeon Overview and Level Annotations

Branches:
Dungeon (9/15)             Temple (0/1) D:5            Lair (0/6) D:8
Ossuary (visited)
    Orc: D:9-12

Altars:
Sif Muna
Wu Jian
Xom
Yredelemnul
Zin


Innate Abilities, Weirdness & Mutations

You thrive by killing the living.
You are immune to poison.
You have sharp fingernails.
Your flesh is cold resistant. (rC+)
You are immune to negative energy. (rN+++)
You do not regenerate when monsters are visible.
You are immune to unholy pain and torment.


Message History

A howler monkey comes into view.
The howler monkey howls!
An acid dragon comes into view.
There is an escape hatch in the ceiling here.
The acid dragon roars!
Something hits you.
* * * LOW HITPOINT WARNING * * *
Something bites you.
* * * LOW HITPOINT WARNING * * *
A mysterious force pulls you upwards. The hatch slams shut behind you.
Reactivating autopickup.
You bump into the rock wall.
Something hits you but does no damage.
Deactivating autopickup; reactivate with Ctrl-A.
Something bites you but does no damage.
You're too confused to move!
Something hits you but does no damage. Something bites you.
* * * LOW HITPOINT WARNING * * *
You are too confused!
You feel better. Something hits you.
* * * LOW HITPOINT WARNING * * *
Something bites you but does no damage.
You feel better. Something hits you!
* * * LOW HITPOINT WARNING * * *
Something barely misses you.
You feel less exhausted.
You hear some strange, mumbled words.
You are confused.
You slash the fungus!
The fungus begins to die.
The fungus is lightly damaged.
You hit the fungus.
The fungus begins to die.
You slash the fungus!
The fungus begins to die.
You bump into the rock wall.
Something hits you but does no damage. Something bites you.
* * * LOW HITPOINT WARNING * * *
You bump into the rock wall.
A nearby fungus withers and dies.
You hear some strange, mumbled words.
Something tries to affect you, but you resist.
You feel less confused. Something hits you.
You die...

.#.......P..........P..##########
...P.P.PP....P...P.....#
............>..P...P...#########
.#....P..............(.........#
..P..P.P.P...P.P...P.P..######.#
......P...P...P..^.....#######.#
.###.....P.PP.P....PP..##...##.#
.###.P..P..PP..PP......##......##
..###...P...PP..@P..#..##...##.##
...####........{.P.###.###.###.#.
.............P..##...............
.###########.#############.######
.# #.# #.# .# #.# #.# '## #.#
######.# # ..## #.# #......# ##
...## ###.# #.###### ##.


There were no monsters in sight!

Vanquished Creatures
  A two-headed ogre (D:9)
  A komodo dragon (D:8)
  A hornet (D:5)
  A troll (D:6)
  A wyvern (D:8)
  A wraith (D:9)
  A steam dragon (D:8)
  Menkaure (D:6)
  An acid dragon (D:9)
  3 water moccasins
  A sky beast (D:8)
  2 ice beasts
  An orc warrior (D:9)
  5 black bears
  A necrophage (D:4)
  4 ogres
  4 centaurs
  3 elf zombies (Ossuary)
  A phantom (D:6)
  3 bullfrogs
  2 kobold brigands
  4 scorpions
  2 wyvern zombies
  A wyvern skeleton (D:6)
  13 killer bees
  3 howler monkeys (D:7)
  5 centaur zombies
  2 bullfrog skeletons
  3 jellies
  3 orc priests
  A gnoll shaman (D:5)
  2 hounds
  A human zombie (Ossuary)
  Crazy Yiuf (D:2)
  2 iguanas (D:5)
  3 orc wizards
  A killer bee zombie (D:8)
  A hound zombie (Ossuary)
  3 mummies (Ossuary)
  3 howler monkey zombies
  9 adders
  8 gnolls
  3 shadow imps
  8 adder zombies (Ossuary)
  3 worms
  18 orcs
  3 bats (D:2)
  6 endoplasms
  7 giant cockroaches
  8 goblins
  9 hobgoblins
  2 jackals (D:3)
  3 quokkas
  6 ball pythons
  5 frilled lizards
  2 gnoll zombies (Ossuary)
  3 goblin zombies
  A hobgoblin zombie (Ossuary)
  3 jackal zombies (Ossuary)
  12 kobolds
  4 kobold zombies (Ossuary)
  3 quokka zombies
  3 rats
  4 rat zombies (Ossuary)
226 creatures vanquished.

Vanquished Creatures (others)
  33 fungi (D:8)
  32 plants
65 creatures vanquished.

Grand Total: 291 creatures vanquished

Notes
Turn   | Place    | Note
-------+----------+-------------------------------------------
     0 | D:1      | HallandMoats the Ghoul Monk began the quest for the Orb.
     0 | D:1      | Reached XP level 1. HP: 19/19 MP: 0/0
   530 | D:1      | Reached XP level 2. HP: 26/26 MP: 1/1
   632 | D:1      | Found a faded altar of an unknown god.
   680 | D:1      | Prayed at the altar of an unknown god.
   680 | D:1      | Became a worshipper of the Wu Jian Council
   680 | D:1      | Reached * piety under Wu Jian
   680 | D:1      | Reached ** piety under Wu Jian
  1043 | D:2      | Reached *** piety under Wu Jian
  1070 | D:2      | Reached XP level 3. HP: 33/33 MP: 2/2
  1399 | D:2      | Reached skill level 4 in Fighting
  1399 | D:2      | Reached skill level 1 in Armour
  1435 | D:2      | Reached XP level 4. HP: 40/40 MP: 3/3
  1637 | D:2      | You fall into a shaft and drop 2 floors!
  2359 | D:2      | Found a runed translucent door.
  2360 | D:2      | Noticed Crazy Yiuf
  2421 | D:2      | Killed Crazy Yiuf
  2422 | D:2      | Reached XP level 5. HP: 19/47 MP: 4/4
  2826 | D:3      | Identified the +6 hunting sling "Impslayer" {vorpal, rF+
                  | Will+}
  3459 | D:4      | Noticed a black bear
  3463 | D:4      | Killed a black bear
  3464 | D:4      | Reached skill level 5 in Fighting
  3464 | D:4      | Reached XP level 6. HP: 53/56 MP: 5/5
  3466 | D:4      | Reached **** piety under Wu Jian
  3561 | D:4      | Noticed a necrophage
  3567 | D:4      | Killed a necrophage
  3637 | D:4      | Noticed a water moccasin
  3642 | D:4      | Killed a water moccasin
  3643 | D:4      | Reached skill level 1 in Slings
  3643 | D:4      | Reached XP level 7. HP: 59/61 MP: 6/6
  4192 | D:5      | Entered Level 5 of the Dungeon
  4364 | D:5      | Reached XP level 8. HP: 33/70 MP: 7/7
  4580 | D:5      | Reached skill level 6 in Fighting
  4623 | D:5      | Reached skill level 5 in Axes
  4692 | D:5      | Found a shimmering altar of Xom.
  4721 | D:5      | HP: 3/70 [gnoll (5)]
  5460 | D:5      | Found a staircase to the Ecumenical Temple.
  5508 | D:5      | Noticed a hornet
  5688 | D:5      | HP: 3/70 [hornet (12)]
  5689 | D:5      | Killed a hornet
  6150 | D:6      | Noticed a troll
  6157 | D:6      | Killed a troll
  6157 | D:6      | Reached XP level 9. HP: 60/78 MP: 8/8
  6322 | D:6      | Reached skill level 5 in Dodging
  6510 | D:6      | Reached skill level 5 in Slings
  6752 | D:6      | Found a sand-covered staircase.
  6760 | Ossuary  | Entered an ossuary
  6952 | Ossuary  | Reached skill level 7 in Fighting
  7528 | D:6      | Noticed Menkaure
  7531 | D:6      | Killed Menkaure
  7965 | D:7      | Reached ***** piety under Wu Jian
  8021 | D:7      | Reached XP level 10. HP: 86/86 MP: 9/9
  8596 | D:8      | Reached skill level 5 in Armour
  8678 | D:8      | Reached skill level 8 in Fighting
  8868 | D:8      | Found a staircase to the Lair.
  9087 | D:8      | Found a basalt altar of Yredelemnul.
 10259 | D:9      | Noticed a two-headed ogre
 10275 | D:9      | Killed a two-headed ogre
 10740 | D:9      | Found a shimmering blue altar of Sif Muna.
 10851 | D:9      | Reached XP level 11. HP: 95/95 MP: 10/10
 10914 | D:8      | HP: 2/95 [something (5)]
 10937 | D:8      | Slain by a vampire

Illustrated notes

Levels and vault maps discovered:
D:1:      lemuel_arrival_tunnels, layout_basic,
          hellmonk_ecumenical_altar_run_dry
D:2:      layout_basic, serial_forest, infiniplex_forest_corner_1,
          infiniplex_forest_straight_2, infiniplex_forest_lined_corner,
          infiniplex_forest_clump_tiny, infiniplex_forest_clump_medium,
          infiniplex_forest_clump_tiny, infiniplex_forest_clump_small,
          infiniplex_forest_lined_2, infiniplex_forest_end_1, hex_tiny,
          uniq_crazy_yiuf_cottage
D:3:      layout_basic
D:4:      layout_cave_pools, zin_statuary, serial_column_ruins,
          column_ruins_hut, column_ruins_hut, column_ruins_open_small_water,
          column_ruins_open_small, column_ruins_open_tiny,
          column_ruins_corridor_straight, column_ruins_columns_dead_end
D:5:      layout_rooms, amcnicky_altar_gilded, minmay_temple_entry_poolview,
          feat_on_display
D:6:      layout_basic, enter_ossuary_4, uniq_menkaure
D:7:      layout_basic
D:8:      layout_loops_corners, lemuel_zombie_altar_yredelemnul,
          due_lair_maze_entry_diamond, chequers_arboretum, moated_statue
D:9:      layout_irregular_city, mainiacjoe_overflow_chevrons

Skill      XL: |  1  2  3  4  5  6  7  8  9 10 |
---------------+-------------------------------+-----
Axes           | 3 4 5 6 7 |  7.4
Dodging        | 3 4 5 6 |  6.7
Fighting       | 4 5 6 7 8 |  8.5
Armour         | 1 2 3 4 5 |  5.7
Slings         | 1 3 4 6 7 |  7.9
Stealth        | |  2.1

Action                   |  1- 3 |  4- 6 |  7- 9 | 10-12 || total
-------------------------+-------+-------+-------+-------++-------
Melee: Hand axe          |    52 |       |       |       ||    52
       Whip              |    55 |    73 |       |       ||   128
       Punch             |       |     1 |       |       ||     1
       War axe           |       |       |    49 |    37 ||    86
 Fire: Hunting sling     |       |    33 |   368 |   174 ||   575
Invok: Lunge             |     4 |     4 |       |     1 ||     9
       Whirlwind         |     2 |     2 |     3 |    10 ||    17
       Serpent's Lash    |       |       |     2 |     2 ||     4
  Use: Potion            |       |       |     3 |     2 ||     5
       Scroll            |       |       |    12 |       ||    12
 Stab: Sleeping          |     1 |       |       |       ||     1
Armor: Ring mail         |     3 |       |       |       ||     3
       Scale mail        |    47 |    32 |    90 |    39 ||   208
       Robe              |     1 |       |       |       ||     1
Dodge: Dodged            |    53 |    50 |   144 |    69 ||   316

Table legend: (Time is in decaauts)
 A = Elapsed time spent in this place.
 B = Non-inter-level travel time spent in this place.
 C = Inter-level travel time spent in this place.
 D = Time resting spent in this place.
 E = Time spent auto-exploring this place.
 F = Levels seen in this place.
 G = Mean time per level.
                   A        B        C        D        E       F      G
               +--------+--------+--------+--------+--------+-----+--------+
         Total |  10924 |  10291 |    633 |    762 |   7800 |  10 | 1092.4 |
       Dungeon |  10453 |   9820 |    633 |    762 |   7499 |   9 | 1161.4 |
       Ossuary |    470 |    470 |      0 |      0 |    301 |   1 |  470.0 |
               +--------+--------+--------+--------+--------+-----+--------+

Top non-repeatable levels by time:
     D:8: 1561 daAuts
     D:4: 1407 daAuts
     D:5: 1304 daAuts
     D:1: 1218 daAuts
     D:6: 1201 daAuts
     D:2: 1129 daAuts
     D:3: 1038 daAuts
     D:9: 801 daAuts
     D:7: 790 daAuts
 Ossuary: 470 daAuts
